[Event "Titled Tuesday Blitz June 20 Late 2023"]
[White "Ganiev, Roman"]
[Black "Moroni, Luca Jr"]
[WhiteFideId "4131452"]
[BlackFideId "865834"]
[WhiteElo "2656"]
[BlackElo "2569"]
[Result "1-0"]
[Round "5"]
[TimeControl "180+2"]
[Date "2023.06.20"]
[WhiteClock "0:00:12"]
[BlackClock "0:00:02"]
[Board "28"]

1. e4 d6 2. d4 e5 3. Nf3 exd4 4. Nxd4 Nf6 5. Nc3 Be7 6. Bf4 O-O 7. Qd2 d5 8. e5 Nh5 9. Bg3 c5 10. Nf3 Be6 11. Rd1 d4 12. Ne4 Nc6 13. Bb5 Nb4 14. a3 Nd5 15. O-O a6 16. Bd3 h6 17. c4 Nb6 18. b3 Nd7 19. a4 Bg4 20. Rfe1 Bxf3 21. gxf3 Nxg3 22. Nxg3 Re8 23. f4 Bf8 24. Qe2 g6 25. Qf3 Rb8 26. e6 Rxe6 27. Rxe6 fxe6 28. Bxg6 Kh8 29. Bd3 Qf6 30. Qe4 Qf7 31. Re1 Bd6 32. Qxe6 Qxe6 33. Rxe6 Bxf4 34. Nh5 Bc1 35. f4 Be3+ 36. Kg2 Rf8 37. Rxh6+ Kg8 38. Rd6 Nb8 39. f5 Nc6 40. Be4 Ne5 41. f6 Kf7 42. Rb6 Rg8+ 43. Kf1 Rg1+ 44. Ke2 Bh6 45. Rxb7+ Ke6 46. Rb6+ Kd7 47. Ng3 d3+ 48. Bxd3 Rg2+ 49. Kf1 Rxh2 50. Bf5+ Kc7 51. Rxa6 Nf3 52. f7 Be3 53. Ne4 Rh8 54. Ra7+ Kb6 55. Re7 Bh6 56. Re8 Bf8 57. Kf2 Nd4 58. a5+ Kxa5 59. Bd7 Kb6 60. Ng5 Ka5 61. Kg3 Kb4 62. Ba4 Kc3 63. Kg4 Kd3 64. Rd8 Kc3 65. Re8 Kd3 66. Ne6 Nxe6 67. Rxe6 Kd4 68. Re8 Kc3 69. Kf5 Kb4 70. Ke6 Ka5 71. Rxf8 Rxf8 72. Ke7 Rb8 73. f8=Q Rxf8 74. Kxf8 1-0


[Site "https://www.chess.com"]

[Event "Titled Tuesday Blitz June 20 Late 2023"]
[White "Ashraf, Artin"]
[Black "Corrales Jimenez, Fidel"]
[WhiteFideId "22514805"]
[BlackFideId "3506690"]
[WhiteElo "2224"]
[BlackElo "2511"]
[Result "1-0"]
[Round "5"]
[TimeControl "180+2"]
[Date "2023.06.20"]
[WhiteClock "0:00:08"]
[BlackClock "0:00:48"]
[Board "29"]

1. Nf3 c6 2. e4 d5 3. d3 dxe4 4. dxe4 Qxd1+ 5. Kxd1 f5 6. e5 Nh6 7. Bxh6 gxh6 8. Bc4 Bg7 9. Nc3 Nd7 10. Re1 b5 11. Be6 Nb6 12. Bxc8 Rxc8 13. b3 e6 14. Kc1 Ke7 15. Kb2 Rhd8 16. a4 b4 17. Nb1 Rd5 18. Nbd2 Rcd8 19. a5 Nd7 20. Nc4 Nc5 21. a6 Ne4 22. Re2 Nc3 23. Rd2 Ne4 24. Rxd5 cxd5 25. Na5 Rc8 26. Ra4 Rc5 27. Rxb4 Rxa5 28. Rb7+ Kf8 29. Rxa7 Nd6 30. Rxg7 Kxg7 31. exd6 Rxa6 32. d7 Rd6 33. Ne5 Kf6 34. f4 Ke7 35. b4 h5 36. Kb3 h4 37. b5 h3 38. g3 d4 39. Kc4 h5 40. Kc5 Rd5+ 41. Kc6 Kd8 42. b6 d3 43. cxd3 Ra5 44. Nf7+ Ke7 45. d8=Q+ Kxf7 46. b7 Ra6+ 47. Kb5 Ra2 48. b8=Q Rb2+ 49. Kc4 Rxb8 50. Qxb8 h4 51. gxh4 Kg6 52. Qd8 Kh7 53. Qg5 e5 54. h5 exf4 55. h6 f3 56. Qg7# 1-0


[Site "https://www.chess.com"]

[Event "Titled Tuesday Blitz June 20 Late 2023"]
[White "Seemann, Jakub"]
[Black "Iturrizaga Bonelli, Eduardo"]
[WhiteFideId "21874697"]
[BlackFideId "3901211"]
[WhiteElo "2364"]
[BlackElo "2647"]
[Result "0-1"]
[Round "5"]
[TimeControl "180+2"]
[Date "2023.06.20"]
[WhiteClock "0:00:00"]
[BlackClock "0:00:16"]
[Board "30"]

1. d4 Nf6 2. c4 e6 3. Nf3 c5 4. g3 cxd4 5. Nxd4 Bb4+ 6. Nc3 Ne4 7. Qc2 Qa5 8. Bd2 Nxd2 9. Qxd2 Nc6 10. Bg2 Qc5 11. Nxc6 bxc6 12. a3 Qa5 13. O-O Bxc3 14. bxc3 O-O 15. Qd6 Qxc3 16. Rfc1 Qb2 17. e3 Qb8 18. Qe7 d5 19. cxd5 cxd5 20. Rc7 Ba6 21. Rac1 Qb2 22. h4 Bd3 23. h5 h6 24. Bh3 Rae8 25. Qc5 a6 26. a4 Be2 27. Bf1 Bxh5 28. Bxa6 Ra8 29. Bb5 Bf3 30. Qd4 Qa3 31. Qf4 Be4 32. Bd7 Bf5 33. Qe5 Qa2 34. Bb5 Be4 35. Qf4 Qb2 36. Bd7 g5 37. Qg4 Qf6 38. Qe2 Bf3 39. Qd3 Qe5 40. Bb5 g4 41. Qd4 Qh5 0-1


[Site "https://www.chess.com"]

[Event "Titled Tuesday Blitz June 20 Late 2023"]
[White "Babazada, Khazar"]
[Black "Jaskolka, Tomasz"]
[WhiteFideId "13413554"]
[BlackFideId "1170791"]
[WhiteElo "2369"]
[BlackElo "2155"]
[Result "1-0"]
[Round "5"]
[TimeControl "180+2"]
[Date "2023.06.20"]
[WhiteClock "0:00:29"]
[BlackClock "0:00:08"]
[Board "31"]

1. Nf3 Nf6 2. g3 d5 3. Bg2 c6 4. O-O Bg4 5. d3 e6 6. h3 Bxf3 7. Bxf3 Be7 8. Nc3 Nbd7 9. e4 O-O 10. Qe2 Qc7 11. Bg2 Rfd8 12. Bd2 b5 13. Rae1 b4 14. Na4 Nb6 15. Nxb6 axb6 16. Ra1 Ra7 17. c3 Rda8 18. cxb4 Rxa2 19. Rxa2 Rxa2 20. Bc3 Ra4 21. Qc2 b5 22. Kh2 Bxb4 23. b3 Bxc3 24. bxa4 b4 25. Rb1 c5 26. exd5 exd5 27. a5 g6 28. Qa4 Qa7 29. Qb5 Kg7 30. a6 c4 31. Rf1 cxd3 32. Bxd5 Nxd5 33. Qxd5 d2 34. Qb7 d1=Q 35. Rxd1 Qxf2+ 36. Kh1 Qxg3 37. Qg2 Qc7 38. Rf1 b3 39. Qb7 Qxb7+ 40. axb7 Be5 41. Rb1 f5 42. Rxb3 Bb8 43. Rc3 Kf6 44. Rc8 Be5 45. Kg2 Kg5 46. b8=Q Bxb8 47. Rxb8 h5 48. Rb4 f4 49. Kf3 Kf5 50. Rb5+ Kf6 51. Kxf4 g5+ 52. Rxg5 h4 1-0


[Site "https://www.chess.com"]

[Event "Titled Tuesday Blitz June 20 Late 2023"]
[White "ATM622"]
[Black "Holt, Conrad"]
[BlackFideId "2034387"]
[WhiteElo "2639"]
[BlackElo "2592"]
[Result "0-1"]
[Round "5"]
[TimeControl "180+2"]
[Date "2023.06.20"]
[WhiteClock "0:00:05"]
[BlackClock "0:00:06"]
[Board "32"]

1. d4 d5 2. c4 c6 3. Nf3 Nf6 4. Nbd2 Bf5 5. Nh4 Be6 6. e3 g6 7. Bd3 Bg7 8. O-O O-O 9. b3 c5 10. Bb2 cxd4 11. exd4 Nc6 12. Nhf3 Nb4 13. Bb1 b6 14. a3 Nc6 15. Re1 Rc8 16. Ng5 Bg4 17. f3 Bd7 18. f4 dxc4 19. bxc4 Nh5 20. Nxh7 Bxd4+ 21. Bxd4 Bg4 22. Qxg4 Qxd4+ 23. Kh1 Qxa1 24. Nxf8 Rxf8 25. f5 Nf6 26. Qg5 Nh7 27. Qg3 g5 28. Ne4 Qe5 29. Qf2 Qf4 30. Qxf4 gxf4 31. Rd1 Ne5 32. c5 Rc8 33. cxb6 axb6 34. h3 Kg7 35. Rf1 Rc4 36. Nd2 Ra4 37. Rxf4 Rxf4 0-1


[Site "https://www.chess.com"]

[Event "Titled Tuesday Blitz June 20 Late 2023"]
[White "Baskakov, Egor"]
[Black "Lewtak, Damian"]
[WhiteFideId "24197866"]
[BlackFideId "1141724"]
[WhiteElo "2225"]
[BlackElo "2302"]
[Result "1/2-1/2"]
[Round "5"]
[TimeControl "180+2"]
[Date "2023.06.20"]
[WhiteClock "0:01:29"]
[BlackClock "0:01:16"]
[Board "33"]

1. e4 c5 2. Nf3 d6 3. d4 cxd4 4. Nxd4 Nf6 5. Nc3 a6 6. a4 g6 7. g3 Bg7 8. Bg2 O-O 9. h3 Nc6 10. Nde2 Rb8 11. O-O b5 12. axb5 axb5 13. Be3 e6 14. Nd4 Nxd4 15. Bxd4 b4 16. Nb1 e5 17. Be3 Be6 18. Nd2 d5 19. Bc5 Re8 20. exd5 Bxd5 21. Nb3 Bxg2 22. Qxd8 Rexd8 23. Kxg2 Rdc8 24. Rfd1 Ne4 25. Ra5 Nxc5 26. Nxc5 Ra8 27. Rb5 Bf8 28. Nd7 Rxc2 29. Nxf8 Kxf8 30. Rxb4 Ra2 31. Rd5 Raxb2 32. Rxb2 Rxb2 33. Rxe5 Kg7 1/2-1/2


[Site "https://www.chess.com"]

[Event "Titled Tuesday Blitz June 20 Late 2023"]
[White "Koellner, Ruben Gideon"]
[Black "Grigoriants, Sergey"]
[WhiteFideId "12993093"]
[BlackFideId "4130804"]
[WhiteElo "2314"]
[BlackElo "2502"]
[Result "1/2-1/2"]
[Round "5"]
[TimeControl "180+2"]
[Date "2023.06.20"]
[WhiteClock "0:00:09"]
[BlackClock "0:00:05"]
[Board "34"]

1. d4 Nf6 2. Nf3 d5 3. e3 c6 4. Nbd2 Bf5 5. Ne5 e6 6. g4 Be4 7. f3 Bg6 8. h4 h5 9. Nxg6 fxg6 10. Bd3 Kf7 11. g5 Ng8 12. c4 Bd6 13. e4 Ne7 14. Qc2 Rf8 15. e5 Bb4 16. O-O dxc4 17. Qxc4 Bxd2 18. Bxd2 Nd7 19. Bb4 Nb6 20. Qc5 Nbd5 21. Be4 Nxb4 22. Qxb4 Qb6 23. Qc3 Rad8 24. Rad1 Rd7 25. Rd2 Rfd8 26. Rfd1 Nf5 27. Bxf5 gxf5 28. Kh2 Rd5 29. b4 g6 30. a3 R8d7 31. Kg3 Qd8 32. Kf4 Qc7 33. Ke3 Qb6 34. f4 a5 35. Qc4 axb4 36. axb4 Rb5 37. Rb1 Rd8 38. Ra2 Rbd5 39. Rd1 R8d7 40. Rd3 Rb5 41. Ra4 Rd8 42. Rb3 Rbd5 43. Rd3 Rb5 44. Rb3 Rd7 45. Rd3 Rd8 1/2-1/2


[Site "https://www.chess.com"]

[Event "Titled Tuesday Blitz June 20 Late 2023"]
[White "Beerdsen, Thomas"]
[Black "Schnaider, Ilan"]
[WhiteFideId "1030108"]
[BlackFideId "169013"]
[WhiteElo "2553"]
[BlackElo "2224"]
[Result "0-1"]
[Round "5"]
[TimeControl "180+2"]
[Date "2023.06.20"]
[WhiteClock "0:01:17"]
[BlackClock "0:00:11"]
[Board "35"]

1. e4 c5 2. Nf3 d6 3. d4 cxd4 4. Nxd4 Nf6 5. Nc3 a6 6. a3 g6 7. h3 Bg7 8. Nf3 O-O 9. Bc4 Qc7 10. Ba2 b5 11. O-O Bb7 12. Qe2 Nbd7 13. Bg5 h6 14. Bh4 Nc5 15. e5 dxe5 16. Nxe5 Nfe4 17. Nxg6 Rfe8 18. Nxe4 Bxe4 19. Bg3 e5 20. Qh5 Kh7 21. Nh4 Ne6 22. Rfe1 Bg6 23. Nxg6 fxg6 24. Qg4 h5 25. Qe4 Rac8 26. c3 Nc5 27. Qe2 Qc6 28. Rad1 e4 29. Bb1 Rcd8 30. Qe3 Nd3 31. Re2 Bh6 32. f4 Nxf4 33. Rxd8 Nxh3+ 34. Kh2 Bxe3 35. Rxe8 Bg1+ 36. Kxh3 Qd7+ 37. Kh4 Qg4# 0-1


[Site "https://www.chess.com"]

[Event "Titled Tuesday Blitz June 20 Late 2023"]
[White "Simonian, Hrair"]
[Black "Ingebretsen, Jens E"]
[WhiteFideId "13302337"]
[BlackFideId "1522965"]
[WhiteElo "2447"]
[BlackElo "2213"]
[Result "1-0"]
[Round "5"]
[TimeControl "180+2"]
[Date "2023.06.20"]
[WhiteClock "0:00:17"]
[BlackClock "0:00:01"]
[Board "36"]

1. e4 c5 2. Nc3 e6 3. g3 Nc6 4. Bg2 Nf6 5. Nge2 d5 6. exd5 exd5 7. d4 cxd4 8. Nxd4 Bc5 9. Be3 Qb6 10. Nxc6 bxc6 11. Bxc5 Qxc5 12. O-O O-O 13. Qd2 Qb4 14. a3 Qd6 15. Rfe1 Bf5 16. Rad1 Rfe8 17. Na4 Bg4 18. Rxe8+ Rxe8 19. Re1 Rxe1+ 20. Qxe1 h6 21. Qa5 Qe7 22. h3 Bf5 23. Qc3 Be4 24. Bxe4 Qxe4 25. Qxc6 Qe1+ 26. Kg2 Qe4+ 27. Kh2 Qf3 28. Qc5 Ne4 29. Qe3 Qd1 30. Nc3 Qxc2 31. Nxe4 dxe4 32. Qxa7 f5 33. a4 Qxb2 34. a5 Kh7 35. Qc5 Qf6 36. Qb6 Qa1 37. a6 f4 38. gxf4 Qc1 39. Qe3 Qc4 40. a7 Qa4 41. Qc5 Qa2 42. Kg2 Qa4 43. Qf5+ g6 44. Qf7+ Kh8 45. Qf8+ Kh7 46. a8=Q 1-0


[Site "https://www.chess.com"]

[Event "Titled Tuesday Blitz June 20 Late 2023"]
[White "Maximov, Dmitry"]
[Black "Sharan, Rao"]
[WhiteFideId "14105659"]
[BlackFideId "5073464"]
[WhiteElo "2494"]
[BlackElo "2149"]
[Result "1-0"]
[Round "5"]
[TimeControl "180+2"]
[Date "2023.06.20"]
[WhiteClock "0:00:59"]
[BlackClock "0:00:29"]
[Board "37"]

1. e4 d5 2. exd5 Qxd5 3. Nc3 Qd8 4. d4 Nf6 5. Bc4 c6 6. Nf3 Bf5 7. Ne5 e6 8. O-O Nbd7 9. Qe2 Nb6 10. Bb3 Be7 11. Re1 O-O 12. Be3 Nbd5 13. Rad1 h6 14. Bc1 a5 15. a4 Qc7 16. h3 Rfd8 17. g4 Bh7 18. Qf3 Bf8 19. h4 Nxc3 20. bxc3 Nd5 21. c4 Nb4 22. c3 Na6 23. c5 Re8 24. g5 hxg5 25. hxg5 Bf5 26. Bf4 Qe7 27. Qg3 g6 28. Kg2 Bg7 29. Rh1 b6 30. cxb6 Rab8 31. Nxc6 Be4+ 32. f3 Bxc6 33. Be5 Rxb6 34. Bxg7 Kxg7 35. Qe5+ f6 36. gxf6+ Qxf6 37. Rh7+ Kxh7 38. Qxf6 1-0


[Site "https://www.chess.com"]

[Event "Titled Tuesday Blitz June 20 Late 2023"]
[White "Maksimovic, Bojan"]
[Black "brm72"]
[WhiteFideId "14408120"]
[WhiteElo "2457"]
[BlackElo "2575"]
[Result "1-0"]
[Round "5"]
[TimeControl "180+2"]
[Date "2023.06.20"]
[WhiteClock "0:00:34"]
[BlackClock "0:00:10"]
[Board "38"]

1. e4 c6 2. d4 d5 3. Nc3 dxe4 4. Nxe4 Nf6 5. Nxf6+ exf6 6. c3 Bd6 7. Bd3 O-O 8. Qc2 Re8+ 9. Ne2 h5 10. O-O Qc7 11. h3 Nd7 12. Ng3 c5 13. Nxh5 cxd4 14. cxd4 Nb6 15. Qxc7 Bxc7 16. Bf4 Bxf4 17. Nxf4 Rd8 18. Rfd1 g6 19. Be4 Kg7 20. Rac1 Rd6 21. d5 f5 22. Bf3 Bd7 23. h4 Rc8 24. g3 f6 25. Rxc8 Bxc8 26. b3 g5 27. hxg5 fxg5 28. Ne2 Kf6 29. Nc3 Bd7 30. a4 Nc8 31. Re1 Ne7 32. Kf1 a6 33. a5 Be8 34. b4 Bf7 35. Rd1 Ke5 36. Bg2 Nxd5 37. f4+ gxf4 38. Bxd5 Bxd5 39. gxf4+ Ke6 40. Kf2 Bc6 41. Rxd6+ Kxd6 42. Ke3 Bg2 43. Kd4 Bf3 44. Na4 Kc6 45. Nb6 Kb5 46. Kc3 Be4 47. Nc4 Kc6 48. Nd2 Bd5 49. Kd4 Bg2 50. Kc4 Bd5+ 51. Kc3 Bg2 52. Nc4 Be4 53. Kd4 Bb1 54. Ke5 Kb5 55. Na3+ Kxb4 56. Nxb1 Kxa5 57. Kxf5 b5 58. Ke6 Kb4 59. f5 Kb3 60. f6 a5 61. f7 a4 62. f8=Q b4 63. Qf2 a3 64. Nd2+ Kb2 65. Qd4+ Kc2 66. Qxb4 a2 67. Qb3+ Kc1 68. Qxa2 1-0


[Site "https://www.chess.com"]

[Event "Titled Tuesday Blitz June 20 Late 2023"]
[White "Taboas Rodriguez, Daniel"]
[Black "Avila Pavas, Santiago"]
[WhiteFideId "2208466"]
[BlackFideId "4437128"]
[WhiteElo "2365"]
[BlackElo "2449"]
[Result "0-1"]
[Round "5"]
[TimeControl "180+2"]
[Date "2023.06.20"]
[WhiteClock "0:00:08"]
[BlackClock "0:00:02"]
[Board "39"]

1. d4 Nf6 2. Nf3 c5 3. d5 b5 4. c4 b4 5. Bg5 d6 6. Nbd2 g6 7. e4 Bg7 8. Bd3 O-O 9. O-O a5 10. h3 Nbd7 11. Re1 a4 12. Rb1 Qc7 13. Bf4 Ne5 14. Nxe5 dxe5 15. Bg5 Ne8 16. Kh1 Nf6 17. Rf1 Nh5 18. Kh2 h6 19. Be3 Nf4 20. Qc2 g5 21. Rg1 Bd7 22. Bf1 f5 23. g3 Rab8 24. f3 fxe4 25. fxe4 Nh5 26. Be2 Nf6 27. Rbf1 Qc8 28. g4 Nh7 29. Rxf8+ Nxf8 30. Nf1 Ng6 31. Ng3 Nf4 32. Nf5 Bxf5 33. gxf5 b3 34. axb3 Rxb3 35. Rg3 Qc7 36. Bc1 Rb4 37. Ra3 Qb8 38. Bf1 Rb3 39. Rxa4 Rf3 40. Bg2 Rd3 41. Ra5 Qb4 42. Rb5 Qe1 43. Bxf4 Rd1 44. Rb8+ Kh7 45. f6 exf4 46. h4 Qg3# 0-1


[Site "https://www.chess.com"]

[Event "Titled Tuesday Blitz June 20 Late 2023"]
[White "De La Villa Garcia, Jesus Maria"]
[Black "Santos Ruiz, Miguel"]
[WhiteFideId "2200040"]
[BlackFideId "22291482"]
[WhiteElo "2555"]
[BlackElo "2499"]
[Result "1-0"]
[Round "5"]
[TimeControl "180+2"]
[Date "2023.06.20"]
[WhiteClock "0:01:12"]
[BlackClock "0:00:00"]
[Board "40"]

1. c4 c6 2. d4 d5 3. cxd5 cxd5 4. Bf4 Nc6 5. e3 e6 6. Nc3 Bd6 7. Bxd6 Qxd6 8. Bd3 Nge7 9. Nf3 O-O 10. O-O Bd7 11. a3 Rfc8 12. Rc1 Na5 13. b4 Nc4 14. Bxc4 Rxc4 15. Ne5 Rc7 16. Qb3 Be8 17. Rc2 Rac8 18. Rfc1 b6 19. h3 f6 20. Nd3 Qd7 21. Ne2 g5 22. Rxc7 Rxc7 23. Rxc7 Qxc7 24. Qc3 Qc4 25. Qd2 Bb5 26. Nec1 Kf7 27. Nb2 Qc6 28. Na2 Nf5 29. Nc3 Ba6 30. a4 Qd6 31. b5 Bb7 32. Nd3 h5 33. Qa2 Qc7 34. Qb2 Nd6 35. Ne2 a5 36. f4 g4 37. hxg4 hxg4 38. Ng3 Qc4 39. Qa3 Nc8 40. Nf2 f5 41. Nd3 Qc7 42. Ne5+ Kg7 43. Nh5+ Kg8 44. Nf6+ 1-0


[Site "https://www.chess.com"]

[Event "Titled Tuesday Blitz June 20 Late 2023"]
[White "Dushyant Sharma"]
[Black "Tsaruk, Maksim"]
[WhiteFideId "25065130"]
[BlackFideId "13511173"]
[WhiteElo "2198"]
[BlackElo "2363"]
[Result "0-1"]
[Round "5"]
[TimeControl "180+2"]
[Date "2023.06.20"]
[WhiteClock "0:00:06"]
[BlackClock "0:00:08"]
[Board "41"]

1. e4 c6 2. d4 d5 3. exd5 cxd5 4. Bd3 Nf6 5. c3 g6 6. Nf3 Bg7 7. O-O O-O 8. Bf4 Nc6 9. Nbd2 Bf5 10. Bxf5 gxf5 11. Ne5 e6 12. Qe2 Ne7 13. Rae1 Qb6 14. Nb3 Ng6 15. Bg5 Qc7 16. Kh1 Ne4 17. Nxg6 hxg6 18. Bc1 a5 19. f3 a4 20. Na1 Nf6 21. Nc2 Rfe8 22. a3 Nd7 23. Nb4 Bf6 24. Nd3 Kg7 25. Bf4 Qc4 26. Qd2 Rh8 27. Kg1 Rh5 28. h3 Rah8 29. Bd6 Qc6 30. Bh2 Nb6 31. Be5 Nc4 32. Bxf6+ Kxf6 33. Qf2 Qc7 34. Re2 Kg7 35. Rfe1 R5h7 36. Ne5 b6 37. f4 Nd6 38. Nf3 Ne4 39. Qe3 Rh5 40. Nd2 Qe7 41. Nxe4 fxe4 42. Rf2 b5 43. Kf1 f5 44. Ke2 Qf6 45. Kd2 Kf7 46. Kc2 Ke7 47. Kb1 Kd6 48. Qe2 Kc6 49. Ka2 g5 50. fxg5 Qxg5 51. Ref1 Qg3 52. Qc2 Rg5 53. b3 Ra8 54. bxa4 Rxa4 55. Qb2 Rg7 56. Rb1 Rb7 57. h4 Qxh4 58. g3 Qe7 59. Rh2 Rxa3+ 60. Qxa3 Ra7 61. Qxa7 Qxa7+ 62. Kb2 b4 63. cxb4 Qxd4+ 64. Kc1 Qe3+ 65. Rd2 Qxg3 66. b5+ Kb6 67. Rc2 Qe3+ 68. Kb2 Qd4+ 69. Kc1 Qg1+ 70. Kb2 Qg7+ 71. Kc1 e3 72. Rc6+ Kb7 73. Rxe6 Qc3+ 74. Kd1 Qd2# 0-1


[Site "https://www.chess.com"]

[Event "Titled Tuesday Blitz June 20 Late 2023"]
[White "Krsnik Cohar, Ivan Vihor"]
[Black "Mahdavi, Reza"]
[WhiteFideId "14520044"]
[BlackFideId "12595926"]
[WhiteElo "2414"]
[BlackElo "2395"]
[Result "0-1"]
[Round "5"]
[TimeControl "180+2"]
[Date "2023.06.20"]
[WhiteClock "0:00:02"]
[BlackClock "0:00:16"]
[Board "42"]

1. e4 c5 2. Ne2 d6 3. g3 Nf6 4. Bg2 g6 5. c3 Nc6 6. d4 cxd4 7. cxd4 Bg7 8. Nbc3 O-O 9. h3 Bd7 10. Be3 a6 11. Qd2 b5 12. O-O b4 13. Nd5 Nxd5 14. exd5 Na5 15. Qxb4 Rb8 16. Qc3 Rc8 17. Qa3 Nc4 18. Qxa6 Nxe3 19. fxe3 Rc2 20. b3 Qb8 21. Qd3 Rfc8 22. Rfc1 Bb5 23. Qxc2 Rxc2 24. Rxc2 Bh6 25. Nf4 Bd7 26. Kh2 Bg5 27. Rac1 h5 28. Rc7 Bf5 29. e4 h4 30. exf5 hxg3+ 31. Kxg3 Qb4 32. fxg6 Qxd4 33. gxf7+ Kxf7 34. Rf1 Qe3+ 35. Kg4 Bf6 36. Rc4 Qe5 37. Ne6 Qe2+ 38. Kg3 Kg6 39. Rg4+ Kh6 40. Rf5 Be5+ 41. Rxe5 dxe5 42. Rh4+ Kg6 43. Be4+ Kf7 44. Rh7+ Kg8 45. Rg7+ Kh8 46. Rh7+ Kg8 47. Rg7+ Kh8 48. Bf3 Qe1+ 49. Kg2 Qd2+ 50. Kg3 Qe1+ 51. Kg2 e4 52. Bg4 Qd2+ 53. Kg3 e3 54. Rxe7 Qf2# 0-1


[Site "https://www.chess.com"]

[Event "Titled Tuesday Blitz June 20 Late 2023"]
[White "Oro, Faustino"]
[Black "Keleberda, Tymur"]
[WhiteFideId "20000197"]
[BlackFideId "14174294"]
[WhiteElo "1984"]
[BlackElo "2198"]
[Result "0-1"]
[Round "5"]
[TimeControl "180+2"]
[Date "2023.06.20"]
[WhiteClock "0:00:00"]
[BlackClock "0:00:15"]
[Board "43"]

1. e4 c5 2. Nf3 d6 3. d4 cxd4 4. Nxd4 Nf6 5. Nc3 a6 6. Be2 e5 7. Nb3 Be7 8. O-O O-O 9. Be3 Be6 10. Qd3 Nbd7 11. Nd5 Bxd5 12. exd5 b6 13. c4 Ne8 14. Rad1 g6 15. f4 Ng7 16. fxe5 Nxe5 17. Qd2 a5 18. Nd4 Rc8 19. b3 a4 20. Bf4 axb3 21. axb3 Bf6 22. Rde1 Re8 23. Kh1 Bh4 24. Ra1 Qd7 25. Bxe5 dxe5 26. Nb5 h5 27. Ra7 Qd8 28. Rfxf7 Nf5 29. Bxh5 Qg5 30. Qxg5 Bxg5 31. Bxg6 Ne7 32. Nd6 Ra8 33. Rxa8 Rxa8 34. Bd3 e4 35. Be2 Ra2 36. h4 Bxh4 37. Bg4 Bg3 38. Be6 Kh8 39. Rf8+ Kh7 40. Rf7+ Kg6 41. Rf1 Bxd6 42. g4 e3 43. Re1 Bc5 44. d6 Bxd6 45. Rxe3 Bc5 46. Rd3 Kg5 47. Bd7 Kf4 48. Rd1 Ng6 49. Bc6 Ne5 0-1


[Site "https://www.chess.com"]

[Event "Titled Tuesday Blitz June 20 Late 2023"]
[White "Darini, Pouria"]
[Black "Ismagilov, Damir"]
[WhiteFideId "12502200"]
[BlackFideId "34199982"]
[WhiteElo "2482"]
[BlackElo "2104"]
[Result "0-1"]
[Round "5"]
[TimeControl "180+2"]
[Date "2023.06.20"]
[WhiteClock "0:00:00"]
[BlackClock "0:00:30"]
[Board "44"]

1. b3 Nf6 2. Bb2 g6 3. Nf3 Bg7 4. e3 O-O 5. Be2 b6 6. O-O Bb7 7. a4 a6 8. d3 d6 9. d4 Nbd7 10. a5 b5 11. c4 bxc4 12. bxc4 Re8 13. Nbd2 Rb8 14. Bc3 e5 15. d5 Nc5 16. Qc2 Bc8 17. e4 Nh5 18. Rfb1 Bd7 19. Rxb8 Qxb8 20. Rb1 Qa8 21. Bb4 Qa7 22. Ba3 f5 23. Re1 Nxe4 24. Nxe4 fxe4 25. Qxe4 Nf4 26. Bf1 Bf5 27. Qe3 Qxe3 28. fxe3 Nd3 29. Rd1 e4 30. Nd4 Bxd4 31. exd4 Rb8 32. g4 Bxg4 33. Rd2 Rb3 34. Ra2 e3 35. Bxd3 Rxd3 36. Bb4 Rd1+ 37. Kg2 e2 38. h3 Bh5 39. Kf2 Rf1+ 40. Kg3 e1=Q+ 41. Bxe1 Rxe1 42. Rb2 Re3+ 43. Kf4 Rc3 44. Rb7 Rxc4 45. Kg5 Kg7 0-1


[Site "https://www.chess.com"]

[Event "Titled Tuesday Blitz June 20 Late 2023"]
[White "Cuenca Jimenez, Jose Fernando"]
[Black "Czerw, Dawid"]
[WhiteFideId "2255570"]
[BlackFideId "1145746"]
[WhiteElo "2418"]
[BlackElo "2144"]
[Result "1-0"]
[Round "5"]
[TimeControl "180+2"]
[Date "2023.06.20"]
[WhiteClock "0:00:44"]
[BlackClock "0:00:06"]
[Board "46"]

1. c4 Nf6 2. Nc3 g6 3. e4 d6 4. d4 Bg7 5. h3 O-O 6. Be3 e5 7. d5 Na6 8. g4 Nc5 9. f3 a5 10. Qd2 a4 11. O-O-O Nfd7 12. h4 f5 13. gxf5 gxf5 14. exf5 Rxf5 15. h5 a3 16. b4 Na6 17. h6 Bf6 18. Bd3 Rf4 19. Ne4 Nb6 20. Bxf4 exf4 21. Qxf4 Bb2+ 22. Kb1 Nxb4 23. Ne2 Nxd3 24. Rxd3 Nxc4 25. Rg1+ Kh8 26. Qf7 Bf5 27. Qxf5 Qe8 28. Ng5 Ne5 29. Qxh7# 1-0


[Site "https://www.chess.com"]

[Event "Titled Tuesday Blitz June 20 Late 2023"]
[White "Tobares, Leandro"]
[Black "Volkov, Maksim"]
[WhiteFideId "106402"]
[BlackFideId "54123070"]
[WhiteElo "2292"]
[BlackElo "2295"]
[Result "0-1"]
[Round "5"]
[TimeControl "180+2"]
[Date "2023.06.20"]
[WhiteClock "0:00:47"]
[BlackClock "0:01:39"]
[Board "47"]

1. c4 e6 2. Nf3 d5 3. g3 Nf6 4. Bg2 dxc4 5. O-O a6 6. a4 Nc6 7. Na3 Na5 8. Qc2 Bxa3 9. Rxa3 O-O 10. d3 cxd3 11. Rxd3 Qe7 12. b4 Nc6 13. Ba3 Nxb4 14. Bxb4 Qxb4 15. Qxc7 Qxa4 16. Rfd1 Nd5 17. Qd6 b5 18. Rd4 Qc2 19. e4 Nc3 20. Ne1 Qb2 21. Nd3 Ne2+ 22. Kh1 Qxd4 0-1


[Site "https://www.chess.com"]

[Event "Titled Tuesday Blitz June 20 Late 2023"]
[White "Olsson, William"]
[Black "Makhnev, Denis"]
[WhiteFideId "1741721"]
[BlackFideId "13707647"]
[WhiteElo "2197"]
[BlackElo "2515"]
[Result "0-1"]
[Round "5"]
[TimeControl "180+2"]
[Date "2023.06.20"]
[WhiteClock "0:02:33"]
[BlackClock "0:01:47"]
[Board "48"]

1. c4 e5 2. g3 c6 3. Nf3 e4 4. Nd4 d5 5. cxd5 Qxd5 6. Nc2 Nf6 7. Bg2 Be7 8. O-O Qh5 9. Nc3 Bh3 10. Ne3 Nbd7 11. d3 exd3 12. Qxd3 Ne5 13. Qe4 Nxe4 0-1


[Site "https://www.chess.com"]

[Event "Titled Tuesday Blitz June 20 Late 2023"]
[White "Bernabeu Lopez, Carlos Javier"]
[Black "Svane, Rasmus"]
[WhiteFideId "2235366"]
[BlackFideId "4657101"]
[WhiteElo "2344"]
[BlackElo "2601"]
[Result "1-0"]
[Round "5"]
[TimeControl "180+2"]
[Date "2023.06.20"]
[WhiteClock "0:00:58"]
[BlackClock "0:00:00"]
[Board "49"]

1. e4 c6 2. Nf3 d5 3. Nc3 dxe4 4. Nxe4 Nf6 5. Nxf6+ exf6 6. d4 Bd6 7. c3 O-O 8. Be2 Re8 9. O-O Nd7 10. Re1 Nf8 11. h3 Ng6 12. Bd3 Be6 13. Bd2 Qd7 14. Bf1 Re7 15. b3 Rae8 16. Qc2 Bf5 17. Qc1 Be4 18. Be2 Bc7 19. Be3 Qd6 20. Kf1 Bxf3 21. Bxf3 Nh4 22. Qc2 Qh2 23. Ke2 Nxg2 24. Bxg2 Qxg2 25. Kd1 Qxh3 26. Kc1 Bf4 27. Kb2 Bxe3 28. Rh1 Bc1+ 29. Raxc1 Qxh1 30. Rxh1 Re2 31. c4 Rxc2+ 32. Kxc2 Re2+ 33. Kc3 Rxf2 34. d5 cxd5 35. cxd5 Re2 36. d6 Re6 37. d7 Rc6+ 38. Kb4 Rd6 39. Re1 g5 40. Re8+ Kg7 41. d8=Q Rxd8 42. Rxd8 h5 43. Kc3 h4 44. Kd3 Kg6 45. Ke4 f5+ 46. Kf3 g4+ 47. Kf4 h3 48. Rd6+ f6 49. a4 a5 50. Rd1 Kh5 51. Rd8 Kg6 52. Rh8 Kg7 53. Rh5 Kg6 54. Rh4 b6 55. Rh8 Kg7 56. Rh5 Kg6 57. Rh4 1-0


[Site "https://www.chess.com"]

[Event "Titled Tuesday Blitz June 20 Late 2023"]
[White "Kavyev, Ruslan"]
[Black "Durarbayli, Vasif"]
[WhiteFideId "34110981"]
[BlackFideId "13402935"]
[WhiteElo "2336"]
[BlackElo "2551"]
[Result "1-0"]
[Round "5"]
[TimeControl "180+2"]
[Date "2023.06.20"]
[WhiteClock "0:00:09"]
[BlackClock "0:00:00"]
[Board "50"]

1. d4 d5 2. c4 e6 3. g3 Nf6 4. Bg2 Bb4+ 5. Bd2 Be7 6. Nf3 O-O 7. O-O Nbd7 8. Qc2 c6 9. Bf4 b6 10. Ne5 Nxe5 11. dxe5 Nd7 12. Rd1 g5 13. Bc1 Nxe5 14. cxd5 cxd5 15. e4 Bb7 16. exd5 exd5 17. Nc3 Rc8 18. Be3 Ng4 19. Bd4 Rc4 20. Qf5 Nh6 21. Qe5 Rxd4 22. Qxd4 Bc5 23. Qa4 Qf6 24. Rd2 Bc6 25. Qd1 d4 26. Ne4 Bxe4 27. Bxe4 g4 28. Rc1 Qg5 29. b4 Bxb4 30. Rxd4 Bc5 31. Rd5 f5 32. Bg2 Qf6 33. Rd7 Kh8 34. Rc2 Nf7 35. Rcd2 f4 36. Be4 Ng5 37. Qc2 fxg3 38. hxg3 Qe5 39. Bg2 Qe1+ 40. Kh2 Qe5 41. Rd8 Qf6 42. Rxf8+ Bxf8 43. Qc8 Kg7 44. Qxg4 Qh6+ 45. Kg1 Kh8 46. Rd8 Qf6 47. Re8 h6 48. Qc8 Kg7 49. Qd7+ Kh8 50. f4 Nh7 51. Be4 Qa1+ 52. Kg2 Qxa2+ 53. Kh3 Nf6 54. Rxf8+ 1-0


[Site "https://www.chess.com"]